 Dungeon Crawl Stone Soup version 0.31-a0-986-g5e6e4ef867 (webtiles) character file.

Game seed: 18351206708297268865

1 grimpoem the Changeling (level 1, 9/9 HPs)
             Began as a Felid Shapeshifter on Nov 5, 2023.
             Quit the game on level 1 of the Dungeon.
             The game lasted 00:00:35 (37 turns).

grimpoem the Changeling (Felid Shapeshifter)          Turns: 37, Time: 00:00:35

Health: 9/9        AC:  1    Str: 10    XL:     1   Next: 16%
Magic:  2/2        EV: 17    Int: 11    God:
Gold:   0          SH:  0    Dex: 15    Spells: 0/0 levels left
                                        Lives:  0   Deaths: 1

rFire   . .          .
                       - Unarmed
rCold   . . .        (shield unavailable)
rNeg    . . .        (body armour unavailable)
rPois   .            (helmet unavailable)
rElec   .            (cloak unavailable)
rCorr   .            (gloves unavailable)
SInv    +            (boots unavailable)
Will    .....        (no amulet)
Stlth   +            (no ring)
HPRegen 0.21/turn    (no ring)
MPRegen 0.08/turn

%: no passive effects
@: beast-form, quick
A: beast (slay +1), very small, claws 1, fangs 3, see invisible, speed 1, shaggy
fur 1, stealthy paws, no weapons or thrown items, no armour, multi-lived
a: Begin Untransformation


You were on level 1 of the Dungeon.
You were a hulking beast.
You visited 1 branch of the dungeon, and saw 1 of its levels.

Inventory:

Talismans
 b - a beast talisman
 c - a flux talisman
Potions
 a - a potion of lignification


   Skills:
 - Level 1.0 Fighting
 + Level 2.7 Dodging
 * Level 3.0 Unarmed Combat
 - Level 3.2 Shapeshifting


You couldn't memorise any spells.
You didn't know any spells.
Your spell library was empty.

Dungeon Overview and Level Annotations

Branches:
Dungeon (1/15)

Altars:


Innate Abilities, Weirdness & Mutations

You are a hulking beast.
Your limbs bulge with bestial killing power. (Slay +1)
You have sharp claws.
You have razor-sharp teeth.
You have supernaturally acute eyesight. (SInv)
You cover ground quickly. (Speed+)
You are covered in fur. (AC +1)
Your paws help you pounce on unaware monsters.
You are incapable of wielding weapons or throwing items.
You cannot wear armour.
You gain extra lives every three experience levels.


Message History

Press ? for a list of commands and other information.
Found a staircase leading out of the dungeon.
Your library has no spells.
Your library has no spells.
A kobold and a ball python come into view.
You see here a blue potion.
A hobgoblin comes into view.
The kobold shouts!
The ball python hisses angrily.
You hear a shout!
The hobgoblin shouts!
You completely miss the ball python. The ball python closely misses you. x2
You scratch the ball python.
The ball python is heavily wounded.
The ball python bites you. The ball python closely misses you.
A goblin comes into view. It is wielding a +0 dagger.
The goblin shouts!
You scratch the ball python.
You kill the ball python!
You scratch the hobgoblin.
The hobgoblin is severely wounded.
The hobgoblin barely misses you.
A hobgoblin comes into view.
The kobold throws a stone.
The stone completely misses you.
The hobgoblin attacks as it pursues you!
The hobgoblin hits you.
You see here a blue potion.
You closely miss the hobgoblin.
The hobgoblin is severely wounded.
The hobgoblin hits you.
Ouch! That really hurt!
* * * LOW HITPOINT WARNING * * *
You scratch the hobgoblin.
The hobgoblin is almost dead.
The hobgoblin hits you.
You die...
Your shape twists and changes as you die.
You rejoin the land of the living...
Found 3 gold pieces.
Found an escape hatch in the floor.
Unknown command.
You can't wear anything.
Are you sure you want to abandon this character and quit the game? (Confirm with "yes".)

#.# #...# # ..g...##..#
#>+ ..##......##. ##.
.#..#...#!.#.# .. ...
#..#.#.##. . .#
..#...#..#..#.#. ... #.
.....##..#.g##.#
.8...#.#.#...#.....#K#..
#..h.#....#...#.g##.
.$..........#....#.##†..
################### ####


There were no monsters in sight!

Vanquished Creatures
  A ball python (D:1)
1 creature vanquished.

Notes
Turn   | Place    | Note
-------+----------+-------------------------------------------
     0 | D:1      | grimpoem the Felid Shapeshifter began the quest for the
                  | Orb.
     0 | D:1      | Reached XP level 1. HP: 9/9 MP: 2/2
    36 | D:1      | Slain by a hobgoblin
    37 | D:1      | Quit the game

Illustrated notes

Levels and vault maps discovered:
D:1:      erik_arrival_cave_to_civilisation [erik_arrival_cave_to_hall],
          layout_rooms, serial_shops, shop

Action                     || total
---------------------------++-------
  Melee: Unarmed           ||     6
 Armour: Skin              ||     4
  Dodge: Dodged            ||     5

Table legend: (Time is in decaauts)
 A = Elapsed time spent in this place.
 B = Non-inter-level travel time spent in this place.
 C = Inter-level travel time spent in this place.
 D = Time resting spent in this place.
 E = Time spent auto-exploring this place.
 F = Levels seen in this place.
 G = Mean time per level.
                   A        B        C        D        E       F      G
               +--------+--------+--------+--------+--------+-----+--------+
         Total |     30 |     30 |      0 |      0 |     16 |   1 |   30.0 |
       Dungeon |     30 |     30 |      0 |      0 |     16 |   1 |   30.0 |
               +--------+--------+--------+--------+--------+-----+--------+

Top non-repeatable levels by time:
     D:1: 30 daAuts
